 Dungeon Crawl Stone Soup version 0.31-a0-844-gdc52ec4e09 (webtiles) character file.

Game seed: 8280358481915833713

5362 Newt the Skirmisher (level 10, -5/59 HPs)
             Began as a Kobold Hunter on Sept 29, 2023.
             Was a Follower of Hepliaklqana.
             Slain by a freezing wraith (15 damage)
             ... on level 8 of the Dungeon.
             The game lasted 00:08:44 (8525 turns).

Newt the Skirmisher (Kobold Hunter)                 Turns: 8525, Time: 00:08:46

Health: -5/59      AC: 12    Str:  9    XL:     10   Next: 97%
Magic:  0/20       EV: 18    Int: 11    God:    Hepliaklqana [*.....]
Gold:   526        SH:  0    Dex: 22    Spells: 23/23 levels left

rFire   . . .        a - +3 shortbow
rCold   . . .        (shield currently unavailable)
rNeg    . . .        c - +1 leather armour
rPois   .            (no helmet)
rElec   .            (no cloak)
rCorr   .            k - +2 pair of gloves
SInv    +            n - +0 pair of boots
Will    .....        r - amulet of guardian spirit
Stlth   +++          v - +4 ring of protection
HPRegen 0.29/turn    s - ring of see invisible
MPRegen 0.17/turn

%: guardian spirit
@: slowed, very slow
A: reduced essence, small, no large weapons, nightstalker 3
a: Renounce Religion, Recall Ancestor, Ancestor Identity


You were on level 8 of the Dungeon.
You worshipped Hepliaklqana.
Hepliaklqana was aware of your devotion.
You visited 2 branches of the dungeon, and saw 9 of its levels.
You also visited: Ossuary.

You collected 526 gold pieces.

Inventory:

Hand Weapons
 a - a +3 shortbow (weapon)
 d - the +10 spear of the Dripping Messenger {drain, *Rage Fly Str+7 Stlth+}
   (You found it on level 2 of the Dungeon)

   Str+7:     It affects your strength (+7).
   Fly:       It grants you flight.
   *Rage:     It berserks you when you make melee attacks (+20% chance).
   Stlth+:    It makes you more stealthy.
Missiles
 u - a throwing net
Armour
 c - a +1 leather armour (worn)
 k - a +2 pair of gloves (worn)
 n - a +0 pair of boots (worn)
Jewellery
 g - a +6 ring of intelligence
 i - a ring of willpower
 j - a ring of fire
 m - a +6 ring of strength
 q - an amulet of reflection
 r - an amulet of guardian spirit (around neck)
 s - a ring of see invisible (right hand)
 v - a +4 ring of protection (left hand)
 x - a ring of wizardry
 E - a ring of fire
 F - a ring of protection from fire
 G - a ring of positive energy
Wands
 y - a wand of iceblast (1)
 A - a wand of polymorph (20)
 B - a wand of flame (8)
Scrolls
 b - 6 scrolls of poison
 C - a scroll of blinking
Potions
 e - 2 potions of lignification
 f - 3 potions of degeneration
 h - 5 potions of magic
 l - 4 potions of enlightenment
 o - 2 potions of invisibility
 p - a potion of heal wounds {unknown}
 t - 2 potions of curing {unknown}
 w - 2 potions of berserk rage
 z - 2 potions of might {unknown}
 I - a potion of mutation


   Skills:
 - Level 9.0 Fighting
 + Level 14.1 Ranged Weapons
 - Level 6.0 Dodging
 - Level 1.3 Stealth
 - Level 7.2 Spellcasting


You had 23 spell levels left.
You didn't know any spells.
Your spell library contained the following spells:

 Spells                   Type           Power      Damage    Failure   Level
 Shock                    Conj/Air       12%        1d3       24%         1
 Cigotuvi's Dreadful Rot  Necr/Pois/Air  6%         N/A       36%         2
 Ensorcelled Hibernation  Hex/Ice        6%         N/A       36%         2
 Jinxbite                 Hex            6%         N/A       36%         2
 Poisonous Vapours        Pois/Air       6%         N/A       36%         2
 Ignite Poison            Fire/Tmut/Pois 3%         N/A       58%         3
 Mephitic Cloud           Conj/Pois/Air  3%         N/A       58%         3
 Swiftness                Air            3%         N/A       58%         3
 Airstrike                Air            1%         2d(1-17)  94%         4
 Anguish                  Hex/Necr       1%         N/A       94%         4
 Cause Fear               Hex            1%         N/A       94%         4
 Freezing Cloud           Conj/Ice/Air   1%         6-21      100%        5
 Enfeeble                 Hex            1%         N/A       100%        7


Dungeon Overview and Level Annotations

Branches:
Dungeon (8/15)             Temple (1/1) D:6         Ossuary (visited)
   Lair: D:8-11

Altars:
Ashenzari
Cheibriados
Elyvilon
Gozag
Hepliaklqana
Kikubaaqudgha
Makhleb
Nemelex Xobeh
Okawaru
Qazlal
Ru
Sif Muna
Uskayaw
Vehumet
Wu Jian
Yredelemnul
Zin
The Shining One

Shops:
D:1 =


Innate Abilities, Weirdness & Mutations

Your life essence is reduced to manifest your ancestor. (-10% HP)
You are small and have problems with some larger weapons.
You are completely attuned to the shadows.


Message History

The arrow hits the ice beast but does no damage.
You shoot an arrow. The arrow hits the freezing wraith.
The freezing wraith is lightly damaged.
The freezing wraith hits you but does no damage.
The freezing wraith barely misses you.
You shoot an arrow.
The arrow hits the freezing wraith but does no damage.
The freezing wraith is lightly damaged.
The freezing wraith closely misses you. The freezing wraith hits you.
The freezing wraith drains your vigour!
You feel yourself slow down.
You shoot an arrow. The arrow hits the freezing wraith.
The freezing wraith is moderately damaged.
The freezing wraith hits you but does no damage.
The freezing wraith misses you.
You shoot an arrow. The arrow hits the freezing wraith.
The freezing wraith is moderately damaged.
The freezing wraith hits you but does no damage.
The freezing wraith hits you! The freezing wraith drains your vigour!
You feel as though you will be slow longer.
You shoot an arrow.
The arrow barely misses the freezing wraith.
The arrow hits the ice beast!
The ice beast is heavily wounded.
The freezing wraith hits you but does no damage.
The freezing wraith hits you.
You shoot an arrow. The arrow hits the freezing wraith!
The freezing wraith is severely damaged.
The freezing wraith hits you! The freezing wraith freezes you!
The freezing wraith hits you.
* * * LOW HITPOINT WARNING * * *
The freezing wraith drains your vigour!
You feel as though you will be slow longer.
You are too injured to fight recklessly!
You shoot an arrow.
The arrow hits the freezing wraith but does no damage.
The freezing wraith is heavily damaged.
The freezing wraith hits you.
* * * LOW HITPOINT WARNING * * *
The freezing wraith freezes you!
You die...

........#..###.##############
### .......)#.. ♣.♣ ♣#.#♣♣♣.♣
...........#♣♣R♣♣# #)#[#♣.♣
........)..#..♣..# ♣..#8#W.♣♣
...........#♣♣.♣♣#
♣W♣#.#.#♣.♣ ...........# ♣.♣
. ♣#.#♣ ♣.♣
...........##♣.♣## #. ##
.##.....#. #.....# ♣ ♣~~≈≈≈♣
.######## #.♣♣♣@# .♣~~≈≈≈≈ .#
#. ♣W# ...~~~≈≈ # ♣Y#
....~~~≈ ♣o# .....~~~ ♣.#
#P~..○~~ Y.♣ D#≈~°E♣♣ #~≈~cED
#≈~..♣♣ P~...~~


You could see a freezing wraith, an ice beast and an orc.

Vanquished Creatures
  A hydra (D:8)
  A two-headed ogre (D:8)
  The ghost of soul19 the Trooper, a novice DsFi (D:7)
  A troll (D:6)
  Prince Ribbit (D:6)
  A vampire mosquito (D:8)
  A steam dragon (D:7)
  3 water moccasins
  An orc warrior (D:7)
  A black bear (D:4)
  2 ogres
  A phantom (D:5)
  A bullfrog (D:8)
  2 kobold brigands
  A gnoll sergeant (D:8)
  An elf zombie (Ossuary)
  2 scorpions
  3 wights (D:7)
  2 electric eels (D:8)
  A howler monkey (D:7)
  4 centaur zombies (Ossuary)
  3 hounds
  2 jellies
  6 orc priests
  A sleepcap (D:8)
  A human zombie (Ossuary)
  12 orc wizards
  3 iguanas (D:5)
  2 centaur simulacra (D:7)
  3 mummies
  11 gnolls
  12 adders
  A white imp (D:6)
  3 ufetubi
  3 adder zombies (Ossuary)
  A dart slug (D:1)
  19 orcs
  3 bats
  10 endoplasms
  4 giant cockroaches
  8 goblins
  4 hobgoblins
  9 jackals
  4 quokkas
  8 ball pythons
  2 frilled lizards
  2 goblin zombies
  6 hobgoblin zombies (Ossuary)
  6 kobolds
  9 kobold zombies
  12 orc zombies (Ossuary)
  6 rats
  A rat zombie (Ossuary)
209 creatures vanquished.

Vanquished Creatures (collateral kills)
  A water moccasin (D:8)
  A bullfrog (D:8)
  A gnoll (D:8)
3 creatures vanquished.

Vanquished Creatures (others)
  3 ancestors
3 creatures vanquished.

Grand Total: 215 creatures vanquished

Notes
Turn   | Place    | Note
-------+----------+-------------------------------------------
     0 | D:1      | Newt the Kobold Hunter began the quest for the Orb.
     0 | D:1      | Reached XP level 1. HP: 12/12 MP: 1/1
   183 | D:1      | Reached XP level 2. HP: 18/18 MP: 2/2
   509 | D:1      | Reached XP level 3. HP: 22/23 MP: 3/3
   605 | D:1      | Found Muadeqez's Jewellery Emporium.
   837 | D:2      | Identified the +10 spear of the Dripping Messenger {drain,
                  | *Rage Fly Str+7 Stlth+}
  1026 | D:2      | You fall into a shaft and drop 2 floors!
  1047 | D:4      | Reached XP level 4. HP: 8/30 MP: 4/4
  1618 | D:2      | Reached skill level 5 in Fighting
  2222 | D:3      | Reached XP level 5. HP: 34/35 MP: 5/5
  2359 | D:3      | Reached skill level 6 in Ranged Weapons
  2937 | D:4      | Noticed a black bear
  2951 | D:4      | Killed a black bear
  2952 | D:4      | Reached skill level 7 in Ranged Weapons
  2952 | D:4      | Reached XP level 6. HP: 35/40 MP: 6/6
  3065 | D:4      | Found a sparkling altar of Nemelex Xobeh.
  3103 | D:4      | Reached skill level 8 in Ranged Weapons
  3263 | D:4      | Found a shimmering blue altar of Sif Muna.
  3387 | D:4      | Found a white marble altar of Elyvilon.
  3404 | D:4      | Reached XP level 7. HP: 44/44 MP: 7/7
  3685 | D:5      | Entered Level 5 of the Dungeon
  3727 | D:5      | Reached skill level 9 in Ranged Weapons
  3749 | D:5      | Noticed a water moccasin
  3761 | D:5      | Killed a water moccasin
  3837 | D:5      | Found a basalt altar of Yredelemnul.
  3916 | D:5      | Reached skill level 10 in Ranged Weapons
  3984 | D:5      | Reached skill level 1 in Spellcasting
  3995 | D:5      | Reached XP level 8. HP: 33/49 MP: 6/12
  4163 | D:5      | Found a broken altar of Ashenzari.
  4163 | D:5      | Found a hide-covered altar of Uskayaw.
  4531 | D:6      | Identified the +0 ring mail of the New World {Fly rC+}
  4562 | D:6      | Noticed a troll
  4840 | D:6      | Killed a troll
  4841 | D:6      | Reached skill level 5 in Spellcasting
  4961 | D:6      | Found a sacrificial altar of Ru.
  4982 | D:6      | Found a staircase to the Ecumenical Temple.
  5193 | D:6      | Reached XP level 9. HP: 54/54 MP: 17/19
  5292 | D:6      | Noticed Prince Ribbit
  5330 | D:6      | Killed Prince Ribbit
  5517 | D:6      | Found an iron altar of Okawaru.
  5609 | Temple   | Entered the Ecumenical Temple
  5627 | Temple   | Became a worshipper of Hepliaklqana the Forgotten
  5691 | D:7      | Reached skill level 5 in Dodging
  5750 | D:7      | Found a runed translucent gate.
  5750 | D:7      | Found a runed translucent gate.
  5750 | D:7      | Found a runed translucent gate.
  6196 | D:7      | Found a sand-covered staircase.
  6202 | Ossuary  | Entered an ossuary
  6581 | D:7      | Found a glowing silver altar of Zin.
  6745 | D:7      | Reached * piety under Hepliaklqana
  7028 | D:7      | Reached XP level 10. HP: 51/57 MP: 17/20
  7315 | D:7      | Noticed soul19's ghost (novice DsFi)
  7369 | D:7      | Killed soul19's ghost
  7370 | D:7      | Reached skill level 11 in Ranged Weapons
  7793 | D:8      | Noticed a two-headed ogre
  7800 | D:8      | Killed a two-headed ogre
  7801 | D:8      | Reached skill level 12 in Ranged Weapons
  7889 | D:8      | Found an ancient bone altar of Kikubaaqudgha.
  8034 | D:8      | Noticed a six-headed hydra
  8055 | D:8      | Killed a six-headed hydra
  8056 | D:8      | Reached skill level 13 in Ranged Weapons
  8070 | D:8      | Noticed a deep elf pyromancer
  8081 | D:8      | Paralysed by a hornet for 3 turns
  8084 | D:8      | Noticed a centaur warrior
  8085 | D:8      | Identified the +5 flail of Wu Jian's Supremacy {flame,
                  | Int+5}
  8085 | D:8      | Noticed a freezing wraith
  8410 | D:8      | Reached skill level 14 in Ranged Weapons
  8525 | D:8      | Slain by a freezing wraith

Illustrated notes

Levels and vault maps discovered:
D:1:      minmay_arrival_jagged, layout_loops_ring, serial_shops,
          nicolae_shop_back_alley_shop
D:2:      layout_loops_ring
D:3:      layout_basic
D:4:      layout_rooms, mainiacjoe_overflow_alcove_4, lemuel_tele_altar,
          led_sif_book, serial_bayou, serial_bayou_pond_b, serial_bayou_shore_a,
          serial_bayou_shore_b, serial_bayou_lagoon_a
D:5:      layout_rooms, mainiacjoe_overflow_small_starburst,
          jmf_multi_god_temple
D:6:      hellmonk_ruined_rings, layout_rooms, kennysheep_okawaru_gauntlet,
          nicolae_ru_sacrificial_ziggurat, nicolae_lava_and_water,
          uniq_prince_ribbit1
D:7:      layout_basic, mainiacjoe_overflow_boulevard,
          nicolae_ossuary_entry_giza, gammafunk_ghost_necromancy, st_stairs_13
D:8:      nzn_winding_woodlands_large [nzn_winding_woodlands_hourglass,
          nzn_winding_woodlands_5x15_river_crossing,
          nzn_winding_woodlands_5x5_default,
          nzn_winding_woodlands_center_pierced_h,
          nzn_winding_woodlands_15x15_eel_pit,
          nzn_winding_woodlands_center_diamonds,
          nzn_winding_woodlands_5x5_open_star,
          nzn_winding_woodlands_5x15_concentric,
          nzn_winding_woodlands_5x5_cross], layout_basic,
          grunt_temple_overflow_growth_and_decay
Temple:   nicolae_temple_bog_church

Skill      XL: |  1  2  3  4  5  6  7  8  9 10 |
---------------+-------------------------------+-----
Fighting       | 3 4 5 8 9 |  9.0
Ranged Weapons | 7 8 10 14 | 14.1
Spellcasting   | 2 6 7 |  7.2
Dodging        | 6 |  6.0
Stealth        | |  1.3

Action                     |  1- 3 |  4- 6 |  7- 9 | 10-12 || total
---------------------------+-------+-------+-------+-------++-------
  Melee: Spear             |     1 |    12 |     7 |     5 ||    25
         Shortbow          |       |       |     2 |       ||     2
         Punch             |       |       |       |     2 ||     2
   Fire: Shortbow          |    74 |   112 |   424 |   168 ||   778
  Throw: Throwing net      |       |       |     1 |       ||     1
  Evoke: Wand              |       |       |       |     2 ||     2
    Use: Scroll            |     4 |     3 |     6 |     5 ||    18
         Potion            |       |       |     2 |     1 ||     3
   Stab: Distracted        |       |     1 |       |       ||     1
         Sleeping          |       |     1 |       |       ||     1
 Armour: Leather armour    |    17 |    30 |   136 |    65 ||   248
         Skin              |       |       |       |     8 ||     8
  Dodge: Dodged            |    23 |    64 |   176 |    62 ||   325
  Block: Other             |       |    14 |     2 |       ||    16
         Reflection        |       |     1 |       |       ||     1

Table legend: (Time is in decaauts)
 A = Elapsed time spent in this place.
 B = Non-inter-level travel time spent in this place.
 C = Inter-level travel time spent in this place.
 D = Time resting spent in this place.
 E = Time spent auto-exploring this place.
 F = Levels seen in this place.
 G = Mean time per level.
                   A        B        C        D        E       F      G
               +--------+--------+--------+--------+--------+-----+--------+
         Total |   8613 |   8366 |    247 |    960 |   6095 |  10 |  861.3 |
       Dungeon |   8303 |   8091 |    212 |    960 |   5971 |   8 | 1037.9 |
        Temple |     36 |      1 |     35 |      0 |      0 |   1 |   36.0 |
       Ossuary |    273 |    273 |      0 |      0 |    124 |   1 |  273.0 |
               +--------+--------+--------+--------+--------+-----+--------+

Top non-repeatable levels by time:
     D:7: 1629 daAuts
     D:4: 1085 daAuts
     D:5: 1079 daAuts
     D:3: 1004 daAuts
     D:8: 953 daAuts
     D:6: 859 daAuts
     D:2: 854 daAuts
     D:1: 837 daAuts
 Ossuary: 273 daAuts
  Temple: 36 daAuts
